[ AOE2 MATCH · #505759847 ]
UnrankedItalians vs Teutons
Player's team · LOSS
Rival team · WIN
[ REPLAY ANALYSIS · EXTRACTED FROM THE RECORDED GAME ]
Feudal
9:16
Castle
27:00
Imperial
—
| APM avg | 70.1 |
| APM peak | 176 |
| eAPM avg | 28.1 |
| Villagers / military | 79 / 63 |
Focus
⚔️ 37.1% · 🌾 62.9%
Archer ×42 · Spearman ×10 · Battering Ram ×5 · Militia ×3 · Genoese Crossbowman ×3
Feudal
8:49
Castle
29:41
Imperial
—
| APM avg | 37.6 |
| APM peak | 70 |
| eAPM avg | 23.0 |
| Villagers / military | 70 / 38 |
Focus
⚔️ 35.2% · 🌾 64.8%
Knight ×20 · Scout Cavalry ×11 · Mangonel ×5 · Scorpion ×2
Match map
Initial resources + every placement click. Lines = walls · curves = elevation contours. ◆ gold · ⬟ stone · ● berries · ✦ relic · ◌ wall gap
Your base· Open — 3t gap
Drug0s's base· Open — unwalled flank
Smoothed initial terrain · ◌ = detected wall gap · hover for details
Inputs per minute
— PNAL | Miller - - Drug0s
Build order — PNAL | Miller
First 150 of 221 actions detected
| 0:00 | Create | Villager (Male) ×4 |
| 0:02 | Build | House |
| 0:03 | Build | House |
| 0:28 | Build | Mill |
| 1:39 | Create | Villager (Male) |
| 2:06 | Create | Villager (Male) |
| 2:06 | Create | Villager (Male) |
| 2:25 | Create | Villager (Male) |
| 2:25 | Create | Villager (Male) |
| 2:48 | Create | Villager (Male) |
| 3:16 | Create | Villager (Male) |
| 3:36 | Create | Villager (Male) |
| 3:49 | Build | House |
| 4:03 | Create | Villager (Male) |
| 4:03 | Create | Villager (Male) |
| 4:24 | Build | House |
| 4:27 | Create | Villager (Male) |
| 4:50 | Create | Villager (Male) |
| 5:12 | Create | Villager (Male) |
| 5:34 | Create | Villager (Male) |
| 5:59 | Create | Villager (Male) |
| 6:11 | Build | Lumber Camp |
| 6:25 | Research | Loom |
| 6:55 | Research | Feudal Age |
| 6:55 | Research | Feudal Age |
| 7:19 | Build | Palisade Wall |
| 7:34 | Build | Palisade Wall |
| 7:52 | Build | Palisade Wall |
| 7:54 | Create | Villager (Male) |
| 8:07 | Build | Palisade Wall |
| 8:08 | Build | Palisade Wall |
| 8:31 | Build | Palisade Wall |
| 8:42 | Build | Palisade Wall |
| 9:03 | Build | Barracks |
| 9:16 | Age | Feudal Age |
| 9:28 | Create | Villager (Male) |
| 9:33 | Research | Double-Bit Axe |
| 9:33 | Research | Double-Bit Axe |
| 9:53 | Create | Villager (Male) |
| 10:07 | Create | Villager (Male) |
| 10:17 | Create | Villager (Male) |
| 10:29 | Create | Villager (Male) |
| 10:35 | Create | Villager (Male) |
| 11:01 | Build | Lumber Camp |
| 11:08 | Create | Militia |
| 11:08 | Create | Militia |
| 11:08 | Create | Militia |
| 11:13 | Build | House |
| 11:26 | Research | Town Watch |
| 12:17 | Create | Villager (Male) |
| 12:23 | Create | Villager (Male) |
| 12:51 | Create | Villager (Male) |
| 12:59 | Build | Palisade Gate |
| 13:02 | Build | House |
| 13:15 | Create | Villager (Male) |
| 13:18 | Create | Villager (Male) |
| 13:22 | Create | Villager (Male) |
| 13:36 | Create | Villager (Male) |
| 13:51 | Create | Villager (Male) |
| 13:55 | Build | Mill |
| 14:02 | Build | Farm |
| 14:22 | Create | Villager (Male) |
| 14:33 | Build | Mining Camp |
| 14:43 | Create | Villager (Male) |
| 14:54 | Build | Watch Tower |
| 15:06 | Create | Villager (Male) |
| 15:22 | Build | Archery Range |
| 15:23 | Create | Villager (Male) |
| 16:07 | Research | Horse Collar |
| 16:15 | Build | Mining Camp |
| 16:24 | Build | Farm |
| 16:42 | Create | Villager (Male) |
| 16:48 | Create | Archer |
| 16:58 | Build | Market |
| 17:00 | Create | Villager (Male) |
| 17:14 | Create | Villager (Male) |
| 17:16 | Create | Spearman |
| 17:20 | Build | House |
| 17:27 | Research | Wheelbarrow |
| 17:28 | Create | Archer |
| 17:45 | Create | Villager (Male) |
| 17:52 | Build | Farm |
| 17:58 | Create | Archer |
| 17:59 | Create | Villager (Male) |
| 18:08 | Build | Lumber Camp |
| 18:23 | Create | Archer |
| 18:26 | Create | Villager (Male) |
| 18:29 | Build | Palisade Wall |
| 18:32 | Build | Palisade Wall |
| 19:00 | Create | Villager (Male) |
| 19:01 | Create | Archer |
| 19:05 | Create | Archer |
| 19:14 | Build | House |
| 19:15 | Build | House |
| 19:32 | Create | Archer |
| 19:38 | Create | Spearman |
| 19:40 | Build | Farm |
| 19:55 | Create | Archer |
| 19:59 | Create | Villager (Male) |
| 20:18 | Build | Archery Range |
| 20:27 | Build | Farm |
| 20:28 | Create | Archer |
| 20:33 | Build | Palisade Wall |
| 20:45 | Create | Archer |
| 20:48 | Create | Spearman |
| 21:05 | Build | Market |
| 21:10 | Create | Villager (Male) |
| 21:12 | Create | Archer |
| 21:13 | Create | Archer |
| 21:22 | Build | House |
| 21:23 | Build | House |
| 21:35 | Build | Farm |
| 21:43 | Create | Villager (Male) |
| 21:47 | Build | House |
| 21:57 | Create | Archer |
| 21:59 | Create | Villager (Male) |
| 22:03 | Build | Mining Camp |
| 22:05 | Create | Villager (Male) |
| 22:14 | Build | House |
| 22:34 | Build | Farm |
| 22:43 | Create | Villager (Male) |
| 22:47 | Create | Archer |
| 22:47 | Create | Archer |
| 23:01 | Build | Blacksmith |
| 23:35 | Create | Villager (Male) |
| 23:40 | Build | Farm |
| 24:20 | Research | Castle Age |
| 24:34 | Create | Archer |
| 24:34 | Create | Archer |
| 24:42 | Build | House |
| 24:44 | Create | Spearman |
| 24:45 | Create | Spearman |
| 25:18 | Create | Archer |
| 25:18 | Create | Archer |
| 25:39 | Research | Fletching |
| 25:40 | Research | Fletching |
| 26:06 | Create | Archer |
| 26:06 | Create | Archer |
| 26:29 | Build | Mill |
| 26:36 | Create | Villager (Male) |
| 27:00 | Age | Castle Age |
| 27:01 | Build | Siege Workshop |
| 27:06 | Research | Bodkin Arrow |
| 27:07 | Create | Villager (Male) |
| 27:15 | Create | Archer |
| 27:53 | Create | Battering Ram |
| 27:53 | Create | Battering Ram |
| 27:56 | Create | Villager (Male) |
| 28:04 | Research | Crossbowman (upgrade) |
| 28:09 | Create | Archer |
Build order — Drug0s
First 150 of 242 actions detected
| 0:02 | Create | Villager (Male) |
| 0:02 | Create | Villager (Male) |
| 0:02 | Create | Villager (Male) |
| 0:03 | Build | House |
| 0:04 | Build | House |
| 0:07 | Create | Villager (Male) |
| 1:31 | Create | Villager (Male) |
| 1:52 | Create | Villager (Male) |
| 2:07 | Build | Lumber Camp |
| 2:30 | Create | Villager (Male) |
| 2:54 | Create | Villager (Male) |
| 2:59 | Create | Villager (Male) |
| 3:42 | Create | Villager (Male) |
| 3:49 | Build | House |
| 4:11 | Create | Villager (Male) |
| 4:35 | Create | Villager (Male) |
| 4:47 | Build | Mill |
| 4:52 | Create | Villager (Male) |
| 4:52 | Create | Villager (Male) |
| 5:10 | Create | Villager (Male) |
| 5:23 | Research | Loom |
| 6:39 | Research | Feudal Age |
| 6:39 | Research | Feudal Age |
| 7:07 | Build | Mining Camp |
| 7:36 | Build | House |
| 8:00 | Build | Palisade Wall |
| 8:21 | Create | Villager (Male) |
| 8:47 | Build | Palisade Wall |
| 8:49 | Age | Feudal Age |
| 8:52 | Research | Double-Bit Axe |
| 8:52 | Research | Double-Bit Axe |
| 9:03 | Create | Villager (Male) |
| 9:03 | Create | Villager (Male) |
| 9:27 | Build | Watch Tower |
| 9:46 | Build | Watch Tower |
| 9:47 | Build | Palisade Wall |
| 9:52 | Build | Palisade Wall |
| 9:54 | Build | Palisade Wall |
| 9:56 | Build | Palisade Wall |
| 9:59 | Build | Palisade Wall |
| 10:08 | Build | Palisade Wall |
| 10:09 | Build | Palisade Wall |
| 10:15 | Create | Villager (Male) |
| 10:20 | Build | Palisade Wall |
| 10:45 | Build | House |
| 10:49 | Build | Watch Tower |
| 11:03 | Build | Palisade Wall |
| 11:05 | Build | Palisade Wall |
| 11:06 | Create | Villager (Male) |
| 11:15 | Build | Palisade Wall |
| 11:33 | Build | House |
| 11:41 | Build | Outpost |
| 11:53 | Build | Watch Tower |
| 11:55 | Build | Palisade Wall |
| 11:57 | Build | Palisade Wall |
| 11:58 | Build | Palisade Wall |
| 11:59 | Build | Palisade Wall |
| 12:00 | Build | Palisade Wall |
| 12:01 | Build | Palisade Wall |
| 13:41 | Create | Villager (Male) |
| 13:51 | Build | Watch Tower |
| 13:57 | Create | Villager (Male) |
| 14:01 | Build | Mill |
| 14:06 | Create | Villager (Male) |
| 14:57 | Build | Palisade Wall |
| 15:08 | Build | Watch Tower |
| 15:11 | Build | Blacksmith |
| 15:13 | Build | Palisade Wall |
| 15:14 | Build | Palisade Wall |
| 15:15 | Build | Palisade Wall |
| 15:16 | Build | Palisade Wall |
| 15:16 | Create | Villager (Male) |
| 15:36 | Create | Villager (Male) |
| 15:59 | Build | House |
| 16:01 | Research | Fletching |
| 16:01 | Research | Fletching |
| 16:05 | Build | Barracks |
| 16:15 | Build | Farm |
| 16:46 | Create | Villager (Male) |
| 16:57 | Build | Stable |
| 16:59 | Build | Palisade Wall |
| 17:01 | Build | Palisade Wall |
| 17:02 | Build | Palisade Wall |
| 17:03 | Build | Palisade Wall |
| 17:05 | Build | Palisade Wall |
| 17:16 | Build | Farm |
| 17:34 | Build | Watch Tower |
| 17:45 | Create | Villager (Male) |
| 18:20 | Create | Scout Cavalry |
| 18:23 | Build | Farm |
| 18:27 | Build | Farm |
| 18:28 | Build | Farm |
| 18:30 | Create | Villager (Male) |
| 18:51 | Build | Palisade Wall |
| 18:51 | Build | Palisade Wall |
| 18:59 | Build | House |
| 19:06 | Build | Watch Tower |
| 19:14 | Build | Palisade Wall |
| 19:14 | Build | Palisade Wall |
| 19:16 | Build | Palisade Wall |
| 19:17 | Build | Palisade Wall |
| 19:21 | Create | Villager (Male) |
| 19:23 | Build | Farm |
| 19:35 | Create | Villager (Male) |
| 19:38 | Build | Watch Tower |
| 19:40 | Build | Watch Tower |
| 19:55 | Build | Mill |
| 20:00 | Build | Mill |
| 20:02 | Create | Scout Cavalry |
| 20:05 | Build | Farm |
| 20:17 | Create | Villager (Male) |
| 20:29 | Build | Farm |
| 20:33 | Build | Mining Camp |
| 20:39 | Build | House |
| 20:41 | Create | Villager (Male) |
| 20:47 | Create | Scout Cavalry |
| 20:53 | Build | Farm |
| 21:00 | Create | Villager (Male) |
| 21:06 | Create | Scout Cavalry |
| 21:15 | Build | Watch Tower |
| 21:23 | Build | Farm |
| 21:24 | Create | Villager (Male) |
| 21:34 | Create | Scout Cavalry |
| 21:44 | Create | Villager (Male) |
| 21:59 | Build | House |
| 22:04 | Build | Farm |
| 22:05 | Build | Farm |
| 22:08 | Create | Scout Cavalry |
| 22:14 | Build | Outpost |
| 22:14 | Create | Villager (Male) |
| 22:22 | Build | Palisade Wall |
| 22:25 | Create | Villager (Male) |
| 22:28 | Build | Farm |
| 22:29 | Create | Villager (Male) |
| 22:34 | Create | Scout Cavalry |
| 22:41 | Build | Farm |
| 22:59 | Build | Farm |
| 23:00 | Create | Villager (Male) |
| 23:21 | Build | Farm |
| 23:22 | Build | Farm |
| 23:26 | Create | Villager (Male) |
| 23:35 | Build | Watch Tower |
| 23:40 | Create | Villager (Male) |
| 23:58 | Build | Farm |
| 24:02 | Create | Villager (Male) |
| 24:06 | Build | Farm |
| 24:08 | Build | Farm |
| 24:09 | Create | Villager (Male) |
| 24:17 | Build | Farm |
| 24:33 | Research | Forging |
Match timeline
| 7:19 | PNAL | Miller · wall_segment Palisade Wall x5 |
| 7:34 | PNAL | Miller · wall_segment Palisade Wall x4 |
| 7:52 | PNAL | Miller · wall_segment Palisade Wall x3 |
| 8:00 | Drug0s · wall_segment Palisade Wall x1 |
| 8:07 | PNAL | Miller · wall_segment Palisade Wall x2 |
| 8:08 | PNAL | Miller · wall_segment Palisade Wall x2 |
| 8:31 | PNAL | Miller · wall_segment Palisade Wall x1 |
| 8:42 | PNAL | Miller · wall_segment Palisade Wall x7 |
| 8:47 | Drug0s · wall_segment Palisade Wall x1 |
| 8:49 | Drug0s · age_up feudal |
| 9:03 | PNAL | Miller · first_building Barracks |
| 9:16 | PNAL | Miller · age_up feudal |
| 9:47 | Drug0s · wall_segment Palisade Wall x1 |
| 9:52 | Drug0s · wall_segment Palisade Wall x1 |
| 9:54 | Drug0s · wall_segment Palisade Wall x1 |
| 9:56 | Drug0s · wall_segment Palisade Wall x1 |
| 9:59 | Drug0s · wall_segment Palisade Wall x1 |
| 10:08 | Drug0s · wall_segment Palisade Wall x1 |
| 10:09 | Drug0s · wall_segment Palisade Wall x1 |
| 10:20 | Drug0s · wall_segment Palisade Wall x1 |
| 11:03 | Drug0s · wall_segment Palisade Wall x1 |
| 11:05 | Drug0s · wall_segment Palisade Wall x1 |
| 11:15 | Drug0s · wall_segment Palisade Wall x1 |
| 11:55 | Drug0s · wall_segment Palisade Wall x1 |
| 11:57 | Drug0s · wall_segment Palisade Wall x1 |
| 11:58 | Drug0s · wall_segment Palisade Wall x1 |
| 11:59 | Drug0s · wall_segment Palisade Wall x1 |
| 12:00 | Drug0s · wall_segment Palisade Wall x1 |
| 12:01 | Drug0s · wall_segment Palisade Wall x1 |
| 14:57 | Drug0s · wall_segment Palisade Wall x1 |
| 15:13 | Drug0s · wall_segment Palisade Wall x1 |
| 15:14 | Drug0s · wall_segment Palisade Wall x1 |
| 15:15 | Drug0s · wall_segment Palisade Wall x1 |
| 15:16 | Drug0s · wall_segment Palisade Wall x1 |
| 15:22 | PNAL | Miller · first_building Archery Range |
| 16:05 | Drug0s · first_building Barracks |
| 16:57 | Drug0s · first_building Stable |
| 16:59 | Drug0s · wall_segment Palisade Wall x1 |
| 17:01 | Drug0s · wall_segment Palisade Wall x1 |
| 17:02 | Drug0s · wall_segment Palisade Wall x1 |
| 17:03 | Drug0s · wall_segment Palisade Wall x1 |
| 17:05 | Drug0s · wall_segment Palisade Wall x1 |
| 17:55 | PNAL | Miller · first_market_sell 100 food |
| 18:29 | PNAL | Miller · wall_segment Palisade Wall x2 |
| 18:32 | PNAL | Miller · wall_segment Palisade Wall x1 |
| 18:51 | Drug0s · wall_segment Palisade Wall x1 |
| 18:51 | Drug0s · wall_segment Palisade Wall x1 |
| 19:14 | Drug0s · wall_segment Palisade Wall x1 |
| 19:14 | Drug0s · wall_segment Palisade Wall x1 |
| 19:16 | Drug0s · wall_segment Palisade Wall x2 |
| 19:17 | Drug0s · wall_segment Palisade Wall x1 |
| 20:33 | PNAL | Miller · wall_segment Palisade Wall x3 |
| 21:58 | PNAL | Miller · first_market_buy 500 food |
| 22:22 | Drug0s · wall_segment Palisade Wall x5 |
| 27:00 | PNAL | Miller · age_up castle |
| 27:01 | PNAL | Miller · first_building Siege Workshop |
| 27:25 | Drug0s · first_market_buy 100 stone |
| 29:41 | Drug0s · age_up castle |
| 29:45 | Drug0s · first_building Siege Workshop |
| 30:10 | Drug0s · wall_segment Palisade Wall x1 |
| 30:18 | Drug0s · first_market_sell 100 food |
| 34:31 | PNAL | Miller · first_building Castle |
| 39:50 | Drug0s · first_building Castle |
| 41:04 | PNAL | Miller · resign |
[ AI ANALYSIS · 1 CREDIT ]
What really happened in this match?
Wolo.gg analyzes every decision: build order, eco, micro, common mistakes by bracket. Personalized analysis on WhatsApp or Discord in 30 seconds.
Civ guide
Italians
Perfil
Jugador #4198666